 Dungeon Crawl Stone Soup version 0.28.0-43-g3370ac3207 (webtiles) character file.

Game seed: 2260461896451125685

17 GreyFruit the Poker (level 2, -2/23 HPs)
             Began as a Merfolk Gladiator on Mar 2, 2022.
             Slain by a kobold
             ... wielding a +1 vampiric short sword
              (5 damage)
             ... on level 1 of the Dungeon.
             The game lasted 00:01:35 (846 turns).

GreyFruit the Poker (Merfolk Gladiator)              Turns: 846, Time: 00:01:35

Health: -2/23      AC:  4    Str: 14    XL:     2   Next: 62%
Magic:  2/2        EV: 13    Int:  7    God:
Gold:   20         SH:  0    Dex: 15    Spells: 1/1 levels left

rFire   . . .      SeeInvis .   a - +0 trident
rCold   . . .      Faith    .   (no shield)
rNeg    . . .      Spirit   .   b - +0 leather armour
rPois   .          Reflect  .   c - +0 helmet
rElec   .          Harm     .   (no cloak)
rCorr   .          Rampage  .   (no gloves)
Will    .....                   (no boots)
Stlth   +.........              (no amulet)
HPRegen 0.07/turn               (no ring)
MPRegen 0.08/turn               (no ring)

@: no status effects
A: (nimble swimmer 2), mertail
a: no special abilities


You were on level 1 of the Dungeon.
You visited 1 branch of the dungeon, and saw 1 of its levels.

You collected 20 gold pieces.

Inventory:

Hand Weapons
 a - a +0 trident (weapon)
Missiles
 d - 2 throwing nets (quivered)
 g - 4 javelins
 h - 5 boomerangs
 i - 6 poisoned darts
Armour
 b - a +0 leather armour (worn)
 c - a +0 helmet (worn)
Scrolls
 e - 2 scrolls of noise {unknown}
 f - 2 scrolls of identify {unknown}


   Skills:
 + Level 2.4 Fighting
 + Level 4.9 Polearms
 + Level 2.1 Throwing
 + Level 0.1 Armour
 + Level 4.3 Dodging


You had one spell level left.
You didn't know any spells.
Your spell library was empty.

Dungeon Overview and Level Annotations

Branches:
Dungeon (1/15)

Altars:

Shops:
D:1 *


Innate Abilities, Weirdness & Mutations

((You are very nimble when in or above water. (Stealth+, EV+, Speed+++)))
Your lower body shifts to a powerful aquatic tail in water.


Message History

The kobold is severely wounded.
The kobold hits you with a +1 vampiric short sword.
The kobold barely misses you.
You barely miss the kobold.
The kobold is severely wounded.
The kobold hits you with a +1 vampiric short sword.
You closely miss the kobold.
The kobold is severely wounded.
The kobold hits you with a +1 vampiric short sword.
You hit the kobold but do no damage.
The kobold is severely wounded.
The kobold completely misses you.
You closely miss the kobold.
The kobold is severely wounded.
The kobold hits you with a +1 vampiric short sword.
The kobold draws strength from your wounds!
You are too injured to fight recklessly!
You are too injured to fight recklessly!
You barely miss the kobold.
The kobold is moderately wounded.
The kobold hits you with a +1 vampiric short sword.
You hit the kobold but do no damage.
The kobold is moderately wounded.
The kobold hits you but does no damage.
You closely miss the kobold.
The kobold is moderately wounded.
The kobold hits you but does no damage.
You closely miss the kobold.
The kobold is moderately wounded.
The kobold hits you with a +1 vampiric short sword.
* * * LOW HITPOINT WARNING * * *
There is an open door here.
Throw: 3 throwing nets
Press: ? - help, Q - select action, (/) - cycle Shift-Dir - straight line, f/p - kobold
Aim: a kobold, wielding a +1 vampiric short sword and quivering stones (moderately wounded, 53% to hit)
You throw a throwing net. The throwing net misses the kobold.
The throwing net hits the hobgoblin.
The hobgoblin is caught in the net!
The kobold hits you with a +1 vampiric short sword.
You die...

#. #......... #[###+###........#
#.......#........
#.......#....... #.......#......
#...........bJ# # #.......#.#
#g# #......#. ## #.........# #K#
#......#.##. #.........###@###
#....).#.##. #.##.......#....#
#......#.#.#
#.##.##....#....###......#.#.#
###.##.##....#.............#.#.#
#............#.............#.#.#
#.#.##.###...#.............#...'
#.#.................#......#.#.#
#.####...#...#......#.####.#.#.#
#.# #.......#......#.# #.#.#.#


You could see an endoplasm, a hobgoblin (caught), a bat and a kobold.

Vanquished Creatures
  2 bats (D:1)
  3 goblins (D:1)
  2 hobgoblins (D:1)
  2 quokkas (D:1)
  3 ball pythons (D:1)
  2 frilled lizards (D:1)
  A rat (D:1)
15 creatures vanquished.

Notes
Turn   | Place    | Note
-------+----------+-------------------------------------------
     0 | D:1      | GreyFruit the Merfolk Gladiator began the quest for the
                  | Orb.
     0 | D:1      | Reached XP level 1. HP: 16/16 MP: 1/1
   276 | D:1      | Found Lapros's General Store.
   353 | D:1      | Reached XP level 2. HP: 22/22 MP: 2/2
   846 | D:1      | Slain by a kobold

Illustrated notes

Levels and vault maps discovered:
D:1:      dpeg_arrival_morbid_curiosity, layout_basic, serial_shops, shop,
          minmay_hexomino_f4

Action                   || total
-------------------------++-------
Melee: Trident           ||    48
Throw: Throwing net      ||     1
 Stab: Sleeping          ||     2
Armor: Leather armour    ||    10
Dodge: Dodged            ||    21
